 Dungeon Crawl Stone Soup version 0.31-a0-354-g827e0957a7 (webtiles) character file.

Game seed: 26424390656169852

23 RepHenryClay the Covered (level 2, -4/26 HPs)
             Began as an Armataur Fighter on July 23, 2023.
             Succumbed to a kobold's poison
             ... on level 1 of the Dungeon.
             The game lasted 00:01:16 (690 turns).

RepHenryClay the Covered (Armataur Fighter)          Turns: 690, Time: 00:01:16

Health: -4/26      AC:  6    Str: 21    XL:     2   Next: 75%
Magic:  2/2        EV:  7    Int:  8    God:
Gold:   17         SH:  4    Dex:  9    Spells: 1/1 levels left

rFire   . . .        a - +0 war axe
rCold   . . .        c - +0 buckler
rNeg    . . .        b - +0 scale mail
rPois   .            (no helmet)
rElec   .            (no cloak)
rCorr   .            (no gloves)
SInv    .            (no barding)
Will    .....        (no amulet) Stlth
                     (no ring)
HPRegen 0.24/turn    (no ring)
MPRegen 0.08/turn

%: roll
@: lethally poisoned (-4 -> -34)
A: large, rugged brown scales 3, deformed body, armoured tail, roll, long
tongue, awkward tongue
a: no special abilities


You were on level 1 of the Dungeon.
You visited 1 branch of the dungeon, and saw 1 of its levels.

You collected 17 gold pieces.

Inventory:

Hand Weapons
 a - a +0 war axe (weapon)
Armour
 b - a +0 scale mail (worn)
 c - a +0 buckler (worn)
Scrolls
 e - a scroll of torment {unknown}
 f - a scroll of teleportation {unknown}
Potions
 d - a potion of might


   Skills:
 - Level 2.6 Fighting
 + Level 2.7 Axes
 - Level 3.6 Armour
 - Level 3.2 Shields


You had one spell level left.
You didn't know any spells.
Your spell library contained the following spells:

 Spells                   Type           Power      Damage    Failure   Level
 Apportation              Tloc           0%         N/A       82%         1
 Necrotise                Necr           0%         1d4       82%         1
 Summon Small Mammal      Summ           0%         N/A       82%         1


Dungeon Overview and Level Annotations

Branches:
Dungeon (1/15)

Altars:


Innate Abilities, Weirdness & Mutations

You are completely covered in rugged brown scales. (AC +3, +7% HP)
Armour fits poorly on your strangely shaped body.
You have a long armoured tail.
You roll when moving toward enemies. (Rampage)
Your long tongue fully drains potion bottles. (2x potion effects)
Your tongue gives you trouble enunciating. (1.5x scroll delay)


Message History

You are lethally poisoned!
Huge Dmg: -30%(-8hp) hp: 70%(18hp)
You closely miss the kobold.
You feel extremely sick. You block the kobold's attack.
Huge Dmg: -23%(-6hp) hp: 47%(12hp) It was a potion of curing.
You feel better.
You slurp down every last drop of the potion of curing!
The kobold barely misses you.
You barely miss the kobold. The kobold barely misses you.
You closely miss the kobold.
Your tail-slap misses the kobold.
The kobold hits you but does no damage. x2
You are poisoned.
Unknown command.
You closely miss the kobold.
You feel sick. The kobold hits you but does no damage.
You are more poisoned.
Damage: -4%(-1hp) hp: 89%(23hp) Unknown command.
You closely miss the kobold.
You feel very sick. The kobold barely misses you.
The kobold hits you with a +1 dagger of venom.
You are lethally poisoned!
Huge Dmg: -19%(-5hp) hp: 70%(18hp)
You closely miss the kobold.
You feel very sick.
The kobold hits you with a +1 dagger of venom.
You are more poisoned.
Huge Dmg: -27%(-7hp) hp: 43%(11hp)
You hit the kobold.
The kobold is moderately wounded.
* * * LOW HITPOINT WARNING * * *
You feel extremely sick. The kobold hits you but does no damage.
You are more poisoned.
Huge Dmg: -23%(-6hp) hp: 20%(5hp)
You slash the kobold!
You kill the kobold!
You die...

#######.#.## .....).###.#
.. #######.#.## .# #
##.## ### .### #.# #..
... #.# #.# ..# ##.## #.#
..# #...## #.###).# #
##....# #.##@..#.# ##
##.....# #.##.#...#
.####...##.###........#
.'.)......>..............
.####....#.##.........###
## ##.#.#.##.###.##.## #
###.#.##.# #.# ##
#...##.# #.# #..###.# #.#


There were no monsters in sight!

Vanquished Creatures
  A dart slug (D:1)
  2 ball pythons (D:1)
  A bat (D:1)
  2 endoplasms (D:1)
  A giant cockroach (D:1)
  3 goblins (D:1)
  2 hobgoblins (D:1)
  A quokka (D:1)
  3 kobolds (D:1)
  4 rats (D:1)
20 creatures vanquished.

Notes
Turn   | Place    | Note
-------+----------+-------------------------------------------
     0 | D:1      | RepHenryClay the Armataur Fighter began the quest for the
                  | Orb.
     0 | D:1      | Reached XP level 1. HP: 19/19 MP: 1/1
   179 | D:1      | Reached XP level 2. HP: 26/26 MP: 2/2
   690 | D:1      | Succumbed to a kobold's poison

Illustrated notes

Levels and vault maps discovered:
D:1:      dpeg_arrival_water_temple_mockup, layout_loops_corners

Skill      XL: |  1 |
---------------+----+-----
Axes           | 2 |  2.7
Fighting       | |  2.6
Armour         | |  3.6
Shields        | |  3.2

Action                     || total
---------------------------++-------
  Melee: War axe           ||    58
         Tailslap          ||     2
    Use: Potion            ||     1
 Armour: Scale mail        ||    34
  Dodge: Dodged            ||    13
  Block: Buckler           ||     8

Table legend: (Time is in decaauts)
 A = Elapsed time spent in this place.
 B = Non-inter-level travel time spent in this place.
 C = Inter-level travel time spent in this place.
 D = Time resting spent in this place.
 E = Time spent auto-exploring this place.
 F = Levels seen in this place.
 G = Mean time per level.
                   A        B        C        D        E       F      G
               +--------+--------+--------+--------+--------+-----+--------+
         Total |    712 |    712 |      0 |      0 |    582 |   1 |  712.0 |
       Dungeon |    712 |    712 |      0 |      0 |    582 |   1 |  712.0 |
               +--------+--------+--------+--------+--------+-----+--------+

Top non-repeatable levels by time:
     D:1: 712 daAuts
